 Dungeon Crawl Stone Soup version 0.17.0 (webtiles) character file.

193 HaroldButt the Poker (level 5, -9/38 HPs)
             Began as a Demonspawn Wanderer on Nov 6, 2015.
             Mangled by an orc wizard
             ... wielding a +4 dagger of electrocution
              (20 damage)
             ... on level 3 of the Dungeon.
             The game lasted 00:07:59 (2289 turns).

HaroldButt the Poker (Demonspawn Wanderer)          Turns: 2289, Time: 00:07:59

Health: -9/38      AC: 11    Str: 14    XL:     5   Next: 43%
Magic:  8/8        EV: 10    Int: 13    God:
Gold:   131        SH:  0    Dex: 14    Spells: 0 memorised, 8 levels left

rFire  + . .     SeeInvis .     d - +0 spear
rCold  . . .     Clarity  .     f - quicksilver dragon armour
rNeg   . . .     SustAt   .     (no shield)
rPois  .         Gourm    .     (no helmet)
rElec  .         Spirit   .     g - +0 cloak
rCorr  .         Warding  .     (no gloves)
rMut   .         Stasis   .     (no boots)
MR     +....                    (no amulet)
Stlth  +.........               (no ring)
                                (no ring)

@: somewhat resistant to hostile enchantments, very unstealthy
A: hooves 1, thin skeletal structure 1, fire resistance 1
a: no special abilities


You were on level 3 of the Dungeon.
You were not hungry.

You visited 1 branch of the dungeon, and saw 3 of its levels.

You collected 131 gold pieces.

Inventory:

Hand Weapons
 b - a +0 hand crossbow
 d - a +0 spear (weapon)
Missiles
 c - 23 bolts
 i - 30 stones (quivered)
 n - 13 poisoned needles
Armour
 a - a +2 scale mail
 f - a quicksilver dragon armour (worn)
 g - a +0 cloak (worn)
Magical Staves
 w - an uncursed staff of poison {unknown}
Wands
 x - a wand of lightning (0)
Scrolls
 j - 5 scrolls of remove curse {unknown}
 k - a scroll of teleportation {unknown}
 l - 2 scrolls of identify {unknown}
 m - a scroll of enchant weapon {unknown}
 o - a scroll of fear {unknown}
 p - 3 scrolls of amnesia {unknown}
 r - a scroll of random uselessness {unknown}
 s - a scroll of noise {unknown}
 t - a scroll of blinking {unknown}
 y - a scroll of immolation {unknown}
Potions
 q - a potion of lignification {unknown}
 u - a potion of agility {unknown}
Comestibles
 e - a bread ration
 h - a meat ration
 v - 8 chunks of flesh


   Skills:
 - Level 2.0 Fighting
 + Level 4.7 Polearms
 - Level 2.6 Armour
 - Level 1.0 Stealth
 - Level 2.0 Spellcasting
   Level 1.0 Earth Magic
 - Level 1.0 Evocations


You had 8 spell levels left.
You didn't know any spells.

Dungeon Overview and Level Annotations

Branches:
Dungeon (3/15)

Altars:


Innate Abilities, Weirdness & Mutations

You have large cloven feet.
You have a somewhat thin skeletal structure (Dex +2, Stealth).
Your flesh is heat resistant.


Message History

* * * LOW HITPOINT WARNING * * *
You are too injured to fight recklessly!
You are too injured to fight recklessly!
Evoke which item? (* to show all) (? for menu, Esc to quit)
Zapping:
x - a wand of lightning {zapped: 10} (will waste charges)
Press: ? - help, Shift-Dir - straight line, f - orc wizard
Aim: an orc wizard, wielding a dagger of electrocution and wearing a robe (fast) Nothing appears to happen.
The orc wizard points at you and mumbles some strange words.
The magic dart hits you!
Drink which item? (? for menu, Esc to quit)
Okay, then.
Read which item? (? for menu, Esc to quit)
Okay, then.
You hit the orc wizard. Your kick misses the orc wizard.
The orc wizard is moderately wounded.
The orc wizard hits you but does no damage.
You are electrocuted!
Ouch! That really hurt!
You die...

## #.# ############.#
..........##.# ##
#########.##.# o.
.#####.).รท##.# o#
..........##.# .#
...#.........#######)#
^...........()..@o(.)#
.............#########
..#.........##
.###.......## ##
##.....## # #.....#
#...#. ....#.


You could see an orc wizard.

Vanquished Creatures
  3 orc wizards (D:3)
  Ijyb (D:2)
  An adder (D:3)
  A worm (D:2)
  3 giant geckos
  4 orcs (D:3)
  4 goblins
  9 hobgoblins
  6 jackals (D:1)
  6 kobolds
  2 quokkas (D:2)
  2 ball pythons (D:1)
  9 bats
  4 giant newts
  12 rats
67 creatures vanquished.

Notes
Turn   | Place    | Note
--------------------------------------------------------------
     0 | D:1      | HaroldButt the Demonspawn Wanderer began the quest for the Orb.
     0 | D:1      | HaroldButt set off with: a +2 scale mail, a +0 hand crossbow, 23 bolts, a +0 spear, a bread ration
     0 | D:1      | Reached XP level 1. HP: 16/16 MP: 3/3
   118 | D:1      | Reached skill level 1 in Polearms
   256 | D:1      | Gained mutation: Your flesh is heat resistant. [demonic ancestry]
   256 | D:1      | Reached XP level 2. HP: 19/22 MP: 5/5
   840 | D:1      | Reached XP level 3. HP: 27/27 MP: 6/6
  1182 | D:2      | Noticed Ijyb
  1260 | D:2      | Killed Ijyb
  1260 | D:2      | Reached skill level 3 in Polearms
  1432 | D:2      | Gained mutation: You have a somewhat thin skeletal structure (Dex +2, Stealth). [demonic ancestry]
  1432 | D:2      | Reached XP level 4. HP: 33/33 MP: 7/7
  2261 | D:3      | Reached skill level 4 in Polearms
  2261 | D:3      | Gained mutation: You have large cloven feet. [demonic ancestry]
  2261 | D:3      | Reached XP level 5. HP: 23/38 MP: 8/8
  2289 | D:3      | Mangled by an orc wizard

Action                   |  1- 3 |  4- 6 || total
-------------------------+-------+-------++-------
Melee: Spear             |   216 |   136 ||   352
Throw: Stone             |       |     2 ||     2
Evoke: Wand              |       |     4 ||     4
 Stab: Sleeping          |       |     2 ||     2
  Eat: Chunk             |     2 |     3 ||     5
